 Dungeon Crawl Stone Soup version 0.31-a0-625-gc9c7e45f3f (webtiles) character file.

Game seed: 2956163223627290255

658 Descartes the Shield-Bearer (level 7, 0/84 HPs)
             Began as a Formicid Fighter on Aug 24, 2023.
             Slain by a sleepcap (6 damage)
             ... on level 5 of the Dungeon.
             The game lasted 00:05:01 (3007 turns).

Descartes the Shield-Bearer (Formicid Fighter)      Turns: 3007, Time: 00:05:01

Health: 0/84       AC: 27    Str: 21 (23) XL:     7   Next: 86%
Magic:  10/10      EV:  2    Int:  4 (7)  God:
Gold:   226        SH: 10    Dex: 11 (13) Spells: 6/10 levels left

rFire   . . .        u - +2 whip (elec)
rCold   . . .        c - +0 buckler
rNeg    . . .        s - melded +0 chain mail
rPois   +            (helmet unavailable)
rElec   .            (cloak currently unavailable)
rCorr   .            (gloves currently unavailable)
SInv    .            (boots currently unavailable)
Will    +....        y - amulet of reflection
Stlth   +            e - +4 ring of protection
HPRegen 0.34/turn    (no ring)
MPRegen 0.12/turn

%: reflection
@: tree-form, attractive, enlightened
A: stationary, stasis, torment immunity, boosted hp, permanent stasis, dig
shafts and tunnels, (antennae 3), four strong arms, (iridescent scales 1),
(poison resistance)
a: no special abilities


You were on level 5 of the Dungeon.
You were a tree.
You visited 1 branch of the dungeon, and saw 5 of its levels.
You also visited: Ossuary.

You collected 226 gold pieces.

Inventory:

Hand Weapons
 a - a +0 war axe
 u - a +2 whip of electrocution (weapon)
Missiles
 A - 5 poisoned darts
Armour
 b - a +0 scale mail
 c - a +0 buckler (worn)
 s - a +0 chain mail (melded)
Jewellery
 e - a +4 ring of protection (left branch)
 y - an amulet of reflection (around neck)
Scrolls
 f - a scroll of revelation {unknown}
 g - a scroll of immolation {unknown}
 h - a scroll of fear {unknown}
 i - 5 scrolls of teleportation {unknown}
 j - a scroll of silence {unknown}
 k - a scroll of vulnerability {unknown}
 m - a scroll of amnesia {unknown}
 n - 3 scrolls of enchant weapon {unknown}
 o - 3 scrolls of summoning {unknown}
 p - 4 scrolls of identify {unknown}
 t - 3 scrolls of torment {unknown}
 w - a scroll of poison {unknown}
 x - a scroll of noise {unknown}
 D - a scroll of blinking {unknown}
Potions
 d - 2 potions of might
 r - 2 potions of berserk rage
 z - a potion of haste
 B - 3 potions of degeneration
 C - a potion of attraction


   Skills:
 + Level 5.0 Fighting
 - Level 3.2(3.5) Axes
 + Level 1.9(2.8) Maces & Flails
 + Level 4.9 Armour
 + Level 5.9 Shields
 + Level 2.1 Spellcasting
 + Level 2.7 Translocations


You had 6 spell levels left.
You knew the following spells:

 Your Spells              Type           Power      Damage    Failure   Level
a - Manifold Assault      Tloc           2%         N/A       87%         4

Your spell library contained the following spells:

 Spells                   Type           Power      Damage    Failure   Level
 Wereblood                Tmut           0%         N/A       63%         2
 Volatile Blastmotes      Fire/Tloc      2%         2d10      67%         3
 Dazzling Flash           Conj/Hex       0%         N/A       86%         3
 Inner Flame              Hex/Fire       0%         N/A       86%         3
 Irradiate                Conj/Tmut      0%         3d11      100%        5
 Yara's Violent Unravell  Hex/Tmut       0%         3d3       100%        5
 Starburst                Conj/Fire      0%         6d3       100%        6
 Enfeeble                 Hex            0%         N/A       100%        7
 Maxwell's Capacitive Co  Air            0%         ∞         100%        8
 Blink                    Tloc           Unusable   N/A       N/A         2

Dungeon Overview and Level Annotations

Branches:
Dungeon (5/15)            Ossuary (visited)
 Temple: D:4-7

Altars:
Okawaru
Xom

Annotations:
D:5 3 runed translucent doors, Seven7's ghost, amateur MiFi


Innate Abilities, Weirdness & Mutations

You are a tree.
Your roots penetrate the ground, keeping you stationary.
You cannot be teleported.
You are immune to unholy pain and torment.
Your maximum health is greatly increased.
Your equipment is partially melded.
You cannot be hasted, slowed, berserked, paralysed or teleported.
You can dig through walls and to a lower floor.
((You have a pair of large antennae on your head. (SInv)))
Your four strong arms can wield two-handed weapons with a shield.
((You are partially covered in iridescent scales. (AC +2)))
((Your system is resistant to poisons. (rPois)))


Message History

The sleepcap barely misses you.
Unknown command.
You completely miss the hound.
The hound is almost dead.
The hound bites you but does no damage. The sleepcap closely misses you.
It was a potion of degeneration.
There was something very wrong with that liquid.
You feel weakened.
You feel dopey.
You feel clumsy. You block the hound's attack.
The hound bites you but does no damage. The sleepcap closely misses you.
It was a potion of attraction.
You feel attractive to monsters. The hound completely misses you.
The sleepcap releases spores at you.
* * * LOW HITPOINT WARNING * * *
You are engulfed in a cloud of soporific spores!
You fall asleep.
The hound bites you.
You wake up.
* * * LOW HITPOINT WARNING * * *
You block the hound's attack. You block the sleepcap's attack.
It was a potion of haste.
Your stasis prevents you from being hasted.
You block the hound's attack. The worm bites you.
* * * LOW HITPOINT WARNING * * *
The sleepcap releases spores at you but does no damage.
It was a potion of mutation.
You feel extremely strange.
You feel resistant to poisons.
Iridescent scales grow over part of your body.
The hound bites you but does no damage. You block the hound's attack.
The worm bites you but does no damage. You block the sleepcap's attack.
It was a potion of lignification.
You turn into a tree.
Your +0 chain mail melds into your body.
Your roots penetrate the ground.
You block the hound's attack.
A scorpion comes into view.
The sleepcap releases spores at you but does no damage.
The scorpion is attracted toward you.
It was a potion of enlightenment.
Your roots keep you in place.
The hound bites you but does no damage. The hound bites you.
* * * LOW HITPOINT WARNING * * *
You block the worm's attack. The sleepcap releases spores at you.
You die...

.....#.....##
#.#
.#...!$..#.....#
#.
.#..#.#..#....##
..
.#.#...#.#...##
.#
.#..#.#..#...#
#.....l.#...#
#....hWl#...#
.###+++###...#
......h♣.....#
......wf.)...#
.###.........#
##..s....##
#.......#
##......#
#......#
#.§...##


You could see a sleepcap, a worm, a scorpion, 2 iguanas, 2 hounds and Seven7's
ghost.

Vanquished Creatures
  A phantom (D:4)
  2 elf zombies (Ossuary)
  A centaur zombie (Ossuary)
  A human zombie (Ossuary)
  Jessica (D:2)
  Natasha (thrice) (D:2)
  Terence (D:2)
  An orc wizard (D:3)
  2 mummies (Ossuary)
  5 gnolls
  7 adders
  An adder zombie (Ossuary)
  2 worms (D:3)
  3 dart slugs
  7 orcs
  4 ball pythons
  5 endoplasms
  3 giant cockroaches
  5 goblins
  A hobgoblin (D:3)
  6 kobolds
  2 quokkas
  4 bats
  4 frilled lizards
  A goblin zombie (Ossuary)
  10 hobgoblin zombies (Ossuary)
  3 jackal zombies (Ossuary)
  11 kobold zombies (Ossuary)
  7 orc zombies (Ossuary)
  A rat (D:3)
105 creatures vanquished.

Notes
Turn   | Place    | Note
-------+----------+-------------------------------------------
     0 | D:1      | Descartes the Formicid Fighter began the quest for the Orb.
     0 | D:1      | Reached XP level 1. HP: 18/18 MP: 1/1
   184 | D:1      | Reached XP level 2. HP: 24/24 MP: 2/2
   488 | D:2      | Noticed Terence
   507 | D:2      | Killed Terence
   508 | D:2      | Reached skill level 1 in Translocations
   508 | D:2      | Reached XP level 3. HP: 12/29 MP: 3/3
   616 | D:2      | Noticed Natasha
   629 | D:2      | Killed Natasha
   630 | D:2      | Reached XP level 4. HP: 24/37 MP: 4/4
   655 | D:2      | Noticed Natasha
   664 | D:2      | Killed Natasha
   681 | D:2      | Noticed Natasha
   693 | D:2      | Killed Natasha
   694 | D:2      | Reached XP level 5. HP: 34/42 MP: 5/5
   731 | D:2      | Found an iron altar of Okawaru.
   838 | D:2      | Noticed Jessica
   847 | D:2      | Killed Jessica
   848 | D:2      | Reached skill level 5 in Shields
  1121 | D:3      | Learned a level 4 spell: Manifold Assault
  1133 | D:3      | Reached XP level 6. HP: 43/48 MP: 6/6
  1415 | D:3      | Found a shimmering altar of Xom.
  2262 | D:4      | Reached skill level 1 in Spellcasting
  2307 | D:4      | Reached XP level 7. HP: 48/55 MP: 8/8
  2569 | D:5      | Entered Level 5 of the Dungeon
  2576 | D:5      | Found a sand-covered staircase.
  2582 | Ossuary  | Entered an ossuary
  2623 | Ossuary  | Reached skill level 1 in Maces & Flails
  2970 | D:5      | Noticed Seven7's ghost (amateur MiFi)
  2972 | D:5      | Found a runed translucent gate.
  2972 | D:5      | Found a runed translucent gate.
  2976 | D:5      | Found a runed translucent gate.
  2985 | D:5      | Reached skill level 5 in Fighting
  3005 | D:5      | Gained mutation: Your system is resistant to poisons.
                  | (rPois) [potion of mutation]
  3005 | D:5      | Gained mutation: You are partially covered in iridescent
                  | scales. (AC +2) [potion of mutation]
  3007 | D:5      | Slain by a sleepcap

Illustrated notes

Levels and vault maps discovered:
D:1:      nzn_arrival_water_spiral, layout_rooms
D:2:      layout_rooms, basic_altar, minivault_19, uniq_terence, uniq_natasha,
          uniq_jessica
D:3:      minmay_spotlight, layout_basic, mainiacjoe_overflow_alcove_4,
          serial_corexii_hall, chequers_hall_statues_corner_a,
          corexii_hall_statues_x, corexii_hall_statues_t,
          chequers_hall_statues_wall_a, kennysheep_nub
D:4:      layout_rooms, minmay_distorted
D:5:      layout_cave_pods, nicolae_qazlal_style_of_elements,
          minmay_temple_entry_arrows, nicolae_ossuary_entry_plus,
          gammafunk_ghost_split

Skill      XL: |  1  2  3  4  5  6  7 |
---------------+----------------------+-----
Translocations | 1 2 |  2.7
Fighting       | 4 5 |  5.0
Armour         | 4 |  4.9
Shields        | 5 |  5.9
Axes           | 3 |  3.2
Spellcasting   | 1 2 |  2.1
Maces & Flails | 1 |  1.9

Action                     |  1- 3 |  4- 6 |  7- 9 || total
---------------------------+-------+-------+-------++-------
  Melee: War axe           |    58 |   119 |       ||   177
         Whip              |       |    54 |   175 ||   229
    Use: Potion            |       |       |     7 ||     7
 Armour: Scale mail        |    37 |    35 |       ||    72
         Chain mail        |       |    75 |    63 ||   138
         Skin              |       |       |     2 ||     2
  Dodge: Dodged            |    21 |    63 |    46 ||   130
  Block: Buckler           |    21 |    43 |    91 ||   155

Table legend: (Time is in decaauts)
 A = Elapsed time spent in this place.
 B = Non-inter-level travel time spent in this place.
 C = Inter-level travel time spent in this place.
 D = Time resting spent in this place.
 E = Time spent auto-exploring this place.
 F = Levels seen in this place.
 G = Mean time per level.
                   A        B        C        D        E       F      G
               +--------+--------+--------+--------+--------+-----+--------+
         Total |   3079 |   3008 |     71 |      0 |   2179 |   6 |  513.2 |
       Dungeon |   2707 |   2636 |     71 |      0 |   2024 |   5 |  541.4 |
       Ossuary |    371 |    371 |      0 |      0 |    155 |   1 |  371.0 |
               +--------+--------+--------+--------+--------+-----+--------+

Top non-repeatable levels by time:
     D:3: 1131 daAuts
     D:2: 641 daAuts
     D:1: 491 daAuts
     D:4: 376 daAuts
 Ossuary: 371 daAuts
     D:5: 66 daAuts
